 Dungeon Crawl Stone Soup version 0.28-a0-1236-gb25a51b929 (webtiles) character file.

Game seed: 8167364879462506634

8750 Madge the Tainter (level 11, 0/63 HPs)
             Began as a Demonspawn Venom Mage on Dec 25, 2021.
             Was a Priest of Hepliaklqana.
             Slain by a freezing wraith (3 damage)
             ... on level 10 of the Dungeon on Dec 26, 2021.
             The game lasted 00:58:42 (15401 turns).

Madge the Tainter (Demonspawn Venom Mage)          Turns: 15401, Time: 00:58:42

Health: 0/63       AC:  9    Str:  8    XL:     11   Next: 14%
Magic:  16/17      EV: 15    Int: 21    God:    Hepliaklqana [***...]
Gold:   384        SH:  5    Dex: 14    Spells: 4/18 levels left

rFire   . . .      SeeInvis +   p - +3 dagger (speed)
rCold   + . .      Faith    .   (no shield)
rNeg    . . .      Spirit   .   y - +1 steam dragon scales
rPois   .          Reflect  +   z - +0 helmet
rElec   .          Harm     .   w - +0 cloak
rCorr   .          Rampage  .   (no gloves)
Will    .....                   i - +0 pair of boots
Stlth   ++........              m - amulet of reflection
HPRegen 0.20/turn               h - ring of protection from cold
MPRegen 0.30/turn               r - ring of see invisible

@: on berserk cooldown, slowed, very slow
A: reduced essence, repulsion field 2, demonic guardian 2, magic regeneration,
demonic touch 2
a: Renounce Religion, Recall Ancestor, Ancestor Identity, Transference


You were on level 10 of the Dungeon.
You worshipped Hepliaklqana.
Hepliaklqana was most pleased with you.
You visited 1 branch of the dungeon, and saw 10 of its levels.

You collected 426 gold pieces.
You spent 42 gold pieces at shops.

Inventory:

Hand Weapons
 c - a +1 short sword of draining
 p - a +3 dagger of speed (weapon)
Missiles
 f - 31 poisoned darts (quivered)
 g - 3 atropa-tipped darts
 E - 2 curare-tipped darts
Armour
 a - a +0 robe
 i - a +0 pair of boots (worn)
 w - a +0 cloak (worn)
 y - +1 steam dragon scales (worn)
 z - a +0 helmet (worn)
Magical Staves
 d - a staff of air
Jewellery
 h - a ring of protection from cold (left hand)
 m - an amulet of reflection (around neck)
 q - an amulet of guardian spirit
 r - a ring of see invisible (right hand)
 t - a ring of flight
Wands
 B - a wand of polymorph (9)
 C - a wand of iceblast (2)
 F - a wand of acid (6)
Scrolls
 e - 3 scrolls of silence
 s - 2 scrolls of teleportation
 v - a scroll of vulnerability
Potions
 b - 2 potions of degeneration
 j - 2 potions of attraction
 k - a potion of cancellation
 l - 3 potions of mutation
 n - a potion of lignification
 o - 3 potions of curing
 x - a potion of brilliance
 A - a potion of berserk rage
 D - a potion of might {unknown}


   Skills:
 + Level 1.5 Fighting
 + Level 1.7 Short Blades
 + Level 2.1 Dodging
 + Level 2.6 Stealth
 - Level 0.2 Shields
 + Level 4.4 Spellcasting
 + Level 8.5 Conjurations
 + Level 3.1 Transmutations
 + Level 6.6 Ice Magic
 + Level 5.4 Air Magic
 + Level 10.1 Poison Magic


You had 4 spell levels left.
You knew the following spells:

 Your Spells              Type           Power      Damage    Failure   Level
a - Sting                 Tmut/Pois      100%       1d8       1%          1
b - Poisonous Vapours     Pois/Air       74%        N/A       1%          2
c - Mephitic Cloud        Conj/Pois/Air  38%        N/A       1%          3
d - Olgreb's Toxic Radia  Pois           47%        N/A       1%          4
e - Hailstorm             Conj/Ice       36%        3d9       4%          4

Your spell library contained the following spells:

 Spells                   Type           Power      Damage    Failure   Level
 Freeze                   Ice            100%       1d11      1%          1
 Frozen Ramparts          Ice            64%        1d8       2%          3
 Sublimation of Blood     Necr           4%         N/A       17%         2
 Petrify                  Tmut/Erth      11%        N/A       52%         4
 Animate Armour           Summ/Erth      8%         N/A       75%         4
 Irradiate                Conj/Tmut      14%        3d18      28%         5
 Blade Hands              Tmut           8%         N/A       65%         5
 Iron Shot                Conj/Erth      11%        9d3       97%         6


Dungeon Overview and Level Annotations

Branches:
Dungeon (10/15)            Temple (0/1) D:4
   Lair: D:8-11         Orc: D:9-12

Altars:
Elyvilon
Fedhas
Hepliaklqana
Kikubaaqudgha
Nemelex Xobeh
Okawaru
Ru
Sif Muna
Trog
Uskayaw
Wu Jian
Zin

Shops:
D:3 !   D:9 [

Annotations:
D:4 exclusion: necrophage
D:10 exclusion: obsidian statue


Innate Abilities, Weirdness & Mutations

Your life essence is reduced to manifest your ancestor. (-10% HP)
You are surrounded by a moderate repulsion field. (EV +3)
A demonic guardian rushes to your aid.
You regenerate magic rapidly.
Your touch may inflict irresistible damage on your foes.


Message History

The freezing wraith hits you. The freezing wraith freezes you! You resist.
* * * LOW HITPOINT WARNING * * *
You block the freezing wraith's attack.
Okay, then.
Unknown command.
Unknown command.
A red film seems to cover your vision as you go berserk!
You feel yourself moving faster!
You feel mighty!
Your ice devil hits the freezing wraith but does no damage.
The freezing wraith misses you. The freezing wraith hits you.
* * * LOW HITPOINT WARNING * * *
The freezing wraith drains your vigour!
You feel as though you will be slow longer.
Your ice devil hits the freezing wraith.
Your ice devil freezes the freezing wraith.
The freezing wraith completely resists.
You hit the freezing wraith but do no damage.
The freezing wraith is severely damaged.
The freezing wraith closely misses you.
The freezing wraith hits you but does no damage.
Your ice devil closely misses the freezing wraith.
You hit the freezing wraith but do no damage.
The freezing wraith is severely damaged.
You closely miss the freezing wraith.
You touch the freezing wraith!
The freezing wraith is severely damaged.
The freezing wraith hits you but does no damage.
The freezing wraith hits you!
* * * LOW HITPOINT WARNING * * *
The freezing wraith drains your vigour!
You feel as though you will be slow longer.
Your ice devil barely misses the freezing wraith.
You feel a strong urge to attack something.
You feel your anger nearly subside.
You are no longer berserk.
You are exhausted.
You feel as though you will be slow longer.
As you read the scroll of fog, it crumbles to dust.
The scroll dissolves into smoke.
The freezing wraith barely misses you. x2
Your ice devil closely misses the freezing wraith.
The freezing wraith hits you.
You die...

....# ..#### ######### ###..#..
....#..### .# #.R#.#.#
#####..#.#.### ... .###.#.#
...#....#...### ..# ##..##.#
#.#...##.#...###....#. R.####.#
#.'.#4#..###...'##...(
###....#.###.#.#W#.##...###.....|
..R#...#.....#.#@#R.#.###.......!
#.##...#######.#§§§.###....###...
###..#.........#§§###...##.###
..#########...#####....###...#
....##.# ####.##...##.# #.#.#
##...#.. ..#..#....# #.#.#
#.#.##.# #.##.#####.# #.#.#
#.#..#.. ..#..# #.# #.#.#
##....##.###.##.## #.###.#.##


You could see a freezing wraith (ally target) and a friendly ice devil
(summoned).

Vanquished Creatures
  2 two-headed ogres
  Sonja (D:10)
  Maggie (D:9)
  2 kobold demonologists
  Eustachio (D:6)
  A wyvern (D:9)
  5 yaks
  A steam dragon (D:10)
  Menkaure (D:6)
  Duvessa (D:5)
  5 water moccasins
  3 orc warriors
  An ice beast (D:7)
  2 sky beasts
  4 black bears
  2 ogres (D:6)
  2 centaurs
  3 bullfrogs (D:7)
  A kobold brigand (D:10)
  A gnoll sergeant (D:8)
  2 scorpions
  Dowan (D:5)
  4 wights
  3 hounds
  3 orc priests
  An iguana (D:6)
  An orc wizard (D:10)
  2 hexers
  2 howler monkey zombies
  15 gnolls
  6 adders
  A white imp (D:8)
  2 ufetubi
  An adder skeleton (D:4)
  2 dart slugs
  26 orcs
  8 ball pythons
  8 bats
  5 endoplasms
  4 giant cockroaches
  4 goblins
  8 hobgoblins
  7 jackals
  3 quokkas
  3 frilled lizards (D:1)
  11 kobolds
  8 rats
181 creatures vanquished.

Vanquished Creatures (collateral kills)
  5 yaks
  A steam dragon (D:6)
  An acid dragon (D:10)
  A water moccasin (D:7)
  A sky beast (D:6)
  A hornet zombie (D:8)
  3 orc warriors
  An ice beast (D:6)
  A phantom (D:7)
  A gnoll sergeant (D:8)
  A wyvern zombie (D:7)
  A bullfrog zombie (D:6)
  An orc priest (D:8)
  A bullfrog skeleton (D:6)
  3 orc wizards (D:7)
  A gnoll (D:8)
  A shadow imp (D:8)
  An orc (D:7)
26 creatures vanquished.

Vanquished Creatures (others)
  A human (D:9)
  5 hexers
  2 ancestors (D:6)
  2 plants (D:7)
10 creatures vanquished.

Grand Total: 217 creatures vanquished

Notes
Turn   | Place    | Note
-------+----------+-------------------------------------------
     0 | D:1      | Madge the Demonspawn Venom Mage began the quest for the
                  | Orb.
     0 | D:1      | Reached XP level 1. HP: 13/13 MP: 3/3
    57 | D:1      | Reached skill level 1 in Transmutations
   380 | D:1      | Gained mutation: Your touch may inflict minor irresistible
                  | damage on your foes. [demonic ancestry]
   380 | D:1      | Reached XP level 2. HP: 4/19 MP: 0/5
   877 | D:1      | Learned a level 2 spell: Poisonous Vapours
  1120 | D:1      | Gained mutation: You are surrounded by a mild repulsion
                  | field. (EV +2) [demonic ancestry]
  1120 | D:1      | Reached XP level 3. HP: 24/24 MP: 0/6
  1322 | D:1      | Found a faded altar of an unknown god.
  1829 | D:2      | Reached skill level 4 in Poison Magic
  1970 | D:2      | Reached skill level 1 in Air Magic
  2336 | D:2      | Reached XP level 4. HP: 8/30 MP: 0/7
  3035 | D:3      | Found Vudade's Distillery.
  3927 | D:3      | Reached XP level 5. HP: 35/35 MP: 0/8
  4161 | D:3      | Noticed a black bear
  4162 | D:3      | Bought a potion of attraction for 42 gold pieces
  4172 | D:3      | Killed a black bear
  4173 | D:3      | Reached skill level 5 in Poison Magic
  4262 | D:3      | Learned a level 3 spell: Mephitic Cloud
  4619 | D:3      | Found an iron altar of Okawaru.
  4733 | D:3      | Gained mutation: Your touch may inflict irresistible damage
                  | on your foes. [demonic ancestry]
  4733 | D:3      | Reached XP level 6. HP: 29/41 MP: 3/9
  5124 | D:4      | Found an ornate altar of the Wu Jian Council.
  5210 | D:4      | Found a sacrificial altar of Ru.
  5426 | D:4      | Reached skill level 1 in Conjurations
  5917 | D:4      | Found a staircase to the Ecumenical Temple.
  5942 | D:4      | Found a blossoming altar of Fedhas.
  6380 | D:4      | Found a hazy altar of Hepliaklqana.
  6389 | D:4      | Became a worshipper of Hepliaklqana the Forgotten
  6521 | D:5      | Entered Level 5 of the Dungeon
  6722 | D:5      | Reached skill level 6 in Poison Magic
  6722 | D:5      | Gained mutation: You regenerate magic rapidly. [demonic
                  | ancestry]
  6722 | D:5      | Reached XP level 7. HP: 44/46 MP: 1/10
  7517 | D:5      | Noticed Duvessa
  7517 | D:5      | Noticed Dowan
  7535 | D:5      | Killed Duvessa
  7560 | D:5      | Killed Dowan
  7561 | D:5      | Reached skill level 7 in Poison Magic
  7561 | D:5      | Reached XP level 8. HP: 20/52 MP: 4/11
  7942 | D:5      | Reached * piety under Hepliaklqana
  8675 | D:6      | Noticed Menkaure
  8779 | D:6      | Reached skill level 5 in Conjurations
  9138 | D:6      | Noticed Eustachio
  9351 | D:6      | Killed Eustachio
  9374 | D:6      | Found a sparkling altar of Nemelex Xobeh.
  9477 | D:6      | Reached skill level 8 in Poison Magic
  9843 | D:6      | Reached ** piety under Hepliaklqana
  9844 | D:6      | Remembered your ancestor Manar as a hexer
  9986 | D:6      | Killed Menkaure
  9992 | D:6      | Reached skill level 1 in Fighting
 10200 | D:6      | Gained mutation: A weak demonic guardian rushes to your
                  | aid. [demonic ancestry]
 10200 | D:6      | Reached XP level 9. HP: 18/53 MP: 3/12
 10217 | D:6      | Learned a level 4 spell: Olgreb's Toxic Radiance
 10456 | D:7      | Reached skill level 5 in Air Magic
 10523 | D:7      | Reached skill level 1 in Short Blades
 10688 | D:7      | Reached skill level 9 in Poison Magic
 11138 | D:8      | Learned a level 4 spell: Hailstorm
 11169 | D:8      | Reached skill level 1 in Ice Magic
 11805 | D:8      | Reached *** piety under Hepliaklqana
 12303 | D:8      | Found a shimmering blue altar of Sif Muna.
 12303 | D:8      | Found a hide-covered altar of Uskayaw.
 12460 | D:9      | Found Taqyin's Armour Shoppe.
 12680 | D:9      | Noticed a kobold demonologist
 12694 | D:9      | Killed a kobold demonologist
 12737 | D:9      | Gained mutation: You are surrounded by a moderate repulsion
                  | field. (EV +3) [demonic ancestry]
 12737 | D:9      | Reached XP level 10. HP: 54/59 MP: 12/15
 13154 | D:9      | Noticed a two-headed ogre
 13156 | D:9      | Noticed Maggie
 13185 | D:9      | Killed Maggie
 13201 | D:9      | Killed a two-headed ogre
 13202 | D:9      | Reached skill level 5 in Ice Magic
 14045 | D:9      | Found an ancient bone altar of Kikubaaqudgha.
 14228 | D:10     | Entered Level 10 of the Dungeon
 14228 | D:10     | Noticed an obsidian statue
 14248 | D:10     | Noticed a two-headed ogre
 14917 | D:10     | Killed a two-headed ogre
 14918 | D:10     | Reached skill level 10 in Poison Magic
 14918 | D:10     | Gained mutation: A demonic guardian rushes to your aid.
                  | [demonic ancestry]
 14918 | D:10     | Reached XP level 11. HP: 18/63 MP: 3/17
 14930 | D:10     | Noticed Sonja
 15099 | D:10     | Killed Sonja
 15182 | D:10     | Found a bloodstained altar of Trog.
 15396 | D:10     | HP: 3/94 [freezing wraith (8)]
 15401 | D:10     | Slain by a freezing wraith

Illustrated notes

Levels and vault maps discovered:
D:1:      minmay_arrival_five_plusses, layout_basic,
          chequers_ecumenical_altar_simple
D:2:      layout_basic, minmay_misc_feat_room
D:3:      layout_basic, okawaru_metal_pillars_1_2, serial_shops,
          nicolae_shop_statue_plus
D:4:      layout_gridville, pdpol_wu_jian_five_deadly_venoms,
          lemuel_crystal_altar, fedhas_altar_4, kennysheep_mini, temple_statues,
          corexii_shack, minmay_misc_feat_encased, corexii_leaking_fountain
D:5:      layout_cave_pods, grunt_decor_cap, minmay_holes, uniq_duvessa
D:6:      layout_basic, grunt_temple_overflow_open, uniq_menkaure,
          uniq_eustachio
D:7:      layout_rooms, mainiacjoe_overflow_chevrons
D:8:      layout_basic, gammafunk_temple_overflow_elements
D:9:      layout_loops_ring, tgw_kikubaaqudgha, serial_shops,
          kennysheep_little_box, kennysheep_another_room,
          minmay_misc_feat_rugged, uniq_maggie
D:10:     minmay_the_grid_four_pointed_star
          [minmay_the_grid_triangle_9x9_longest,
          minmay_the_grid_triangle_9x9_steps,
          minmay_the_grid_triangle_9x9_corrupted_corridor,
          minmay_the_grid_triangle_9x9_limited_checkers,
          minmay_the_grid_prize_shrinking_boxes], layout_loops_ring,
          mainiacjoe_overflow_small_starburst, mainiacjoe_overflow_catwalk,
          nicolae_wooded_promenade, grunt_ministairs_14,
          minmay_protected_statue, uniq_maurice, uniq_sonja

Skill      XL: |  1  2  3  4  5  6  7  8  9 10 |
---------------+-------------------------------+-----
Transmutations | 1 2 3 |  3.1
Poison Magic   | 4 5 6 7 8 9 10 | 10.1
Air Magic      | 1 2 3 4 5 |  5.4
Conjurations   | 2 4 5 6 8 |  8.5
Fighting       | 1 |  1.5
Stealth        | 2 |  2.6
Short Blades   | 1 |  1.7
Spellcasting   | 3 4 |  4.4
Dodging        | 2 |  2.1
Ice Magic      | 4 6 |  6.6
Shields        | |  0.2

Action                   |  1- 3 |  4- 6 |  7- 9 | 10-12 || total
-------------------------+-------+-------+-------+-------++-------
Melee: Unarmed           |    14 |       |       |       ||    14
       Short sword       |     3 |    33 |    13 |       ||    49
       Touch             |     2 |     4 |    31 |    26 ||    63
       Dagger            |       |       |   133 |    95 ||   228
Throw: Dart              |       |    28 |    34 |    20 ||    82
 Cast: Sting             |    51 |    48 |   109 |    46 ||   254
       Poisonous Vapours |    27 |    79 |    51 |    37 ||   194
       Mephitic Cloud    |       |       |     3 |    12 ||    15
       Olgreb's Toxic Ra |       |       |     7 |     6 ||    13
       Hailstorm         |       |       |       |     2 ||     2
Invok: Ancestor Life: He |       |       |     1 |       ||     1
       Recall Ancestor   |       |       |     1 |       ||     1
  Use: Scroll            |     3 |     5 |     6 |     2 ||    16
       Potion            |       |       |     2 |     1 ||     3
 Stab: Invisible         |       |     1 |       |       ||     1
       Sleeping          |       |     2 |     1 |     1 ||     4
       Confused          |       |       |     3 |     7 ||    10
Armor: Robe              |     3 |     9 |    14 |       ||    26
       Steam dragon scal |       |       |    15 |    12 ||    27
Dodge: Dodged            |    30 |    27 |    80 |    39 ||   176
Block: Other             |       |     6 |    29 |    11 ||    46
       Reflection        |       |       |     1 |     1 ||     2

Table legend: (Time is in decaauts)
 A = Elapsed time spent in this place.
 B = Non-inter-level travel time spent in this place.
 C = Inter-level travel time spent in this place.
 D = Time resting spent in this place.
 E = Time spent auto-exploring this place.
 F = Levels seen in this place.
 G = Mean time per level.
                   A        B        C        D        E       F      G
               +--------+--------+--------+--------+--------+-----+--------+
         Total |  15333 |  14805 |    528 |   1399 |  11520 |  10 | 1533.3 |
       Dungeon |  15333 |  14805 |    528 |   1399 |  11520 |  10 | 1533.3 |
               +--------+--------+--------+--------+--------+-----+--------+

Top non-repeatable levels by time:
     D:6: 2005 daAuts
     D:1: 1974 daAuts
     D:5: 1886 daAuts
     D:3: 1861 daAuts
     D:9: 1650 daAuts
     D:8: 1577 daAuts
     D:4: 1568 daAuts
     D:2: 1122 daAuts
    D:10: 1014 daAuts
     D:7: 672 daAuts
